 Dungeon Crawl Stone Soup version 0.19.5 (webtiles) character file.

125 Peloso the Shield-Bearer (level 4, -1/41 HPs)
             Began as a Minotaur Fighter on Apr 9, 2017.
             Slain by a large abomination (18 damage)
             ... on level 1 of the Abyss.
             The game lasted 00:04:23 (1323 turns).

Peloso the Shield-Bearer (Minotaur Fighter)         Turns: 1323, Time: 00:04:24

Health: -1/41      AC: 13    Str: 25    XL:     4   Next: 82%
Magic:  3/3        EV:  6    Int:  5    God:
Gold:   40         SH: 10    Dex: 11    Spells: 0 memorised, 3 levels left

rFire  . . .     SeeInvis .     a - +0 long sword
rCold  . . .     Gourm    .     r - +0 chain mail
rNeg   . . .     Faith    .     c - +0 shield
rPois  .         Spirit   .     (helmet restricted)
rElec  .         Reflect  .     h - +0 cloak (curse)
rCorr  .         Harm     .     l - +0 pair of gloves
MR     .....                    i - +0 pair of boots
Stlth  ..........               (no amulet)
                                (no ring)
                                (no ring)

@: mighty
A: retaliatory headbutt, horns 2
a: no special abilities


You were on level 1 of the Abyss.
You were not hungry.

You visited 1 branch of the dungeon, and saw 2 of its levels.
You visited the Abyss 1 time.

You collected 40 gold pieces.

Inventory:

Hand Weapons
 a - a +0 long sword (weapon)
Armour
 b - a +0 scale mail
 c - a +0 shield (worn)
 h - a cursed +0 cloak (worn)
 i - a +0 pair of boots (worn)
 l - a +0 pair of gloves (worn)
 r - a +0 chain mail (worn)
Scrolls
 e - 2 scrolls of remove curse {unknown}
 g - a scroll of immolation {unknown}
 j - 3 scrolls of identify {unknown}
 k - 2 scrolls of enchant weapon {unknown}
 n - a scroll of noise {unknown}
 s - a scroll of teleportation {unknown}
 u - a scroll of blinking {unknown}
 v - a scroll of random uselessness {unknown}
 x - a scroll of magic mapping {unknown}
Potions
 m - 2 potions of curing {unknown}
 o - a potion of brilliance {unknown}
 q - 4 potions of heal wounds {unknown}
 t - a potion of agility {unknown}
Comestibles
 f - 3 bread rations
 p - a chunk of flesh
 w - 5 fruits


   Skills:
 + Level 4.6 Fighting
 + Level 3.4 Long Blades
 + Level 4.5 Armour
 + Level 0.4 Dodging
 + Level 4.7 Shields


You had 3 spell levels left.
You didn't know any spells.

Dungeon Overview and Level Annotations

Branches:
Dungeon (2/15)

Altars:
Gozag


Innate Abilities, Weirdness & Mutations

You reflexively headbutt those who attack you in melee.
You have a pair of horns on your head.


Message History

f - 3 bread rations (gained 1)
A large abomination comes into view.
You hit the large abomination but do no damage.
The large abomination hits you!
You hit the large abomination but do no damage.
The large abomination hits you but does no damage.
Your shield and chain mail prevent you from hitting the large abomination.
Your headbutt misses the large abomination.
Your shield and chain mail prevent you from hitting the large abomination.
The large abomination hits you!
You feel very mighty all of a sudden.
The large abomination hits you but does no damage.
You slash the large abomination!
The large abomination is moderately damaged.
You block the large abomination's attack.
You slash the large abomination!
You headbutt the large abomination, but do no damage.
The large abomination is heavily damaged.
The large abomination hits you!!
You die...

. #. .# #
#.# .#
##..# .#
#.#. .####
#..#......
## ##.@X#
.# #..#..#
.###.###.#
###### .##
.#.##.# .#
#..#..#
...#.#..###
..
####...##
#...#. ..
.. .
###..#####
.##. .# #
#.#.# . #
..### #
#.#....
.#.#.#


You could see a large abomination.

Vanquished Creatures
  Crazy Yiuf (D:2)
  Terence (D:2)
  A gnoll (D:1)
  2 adders (D:2)
  3 dart slugs (D:1)
  A leopard gecko (D:1)
  A giant cockroach (D:2)
  6 goblins (D:1)
  5 hobgoblins
  3 kobolds
  A quokka (D:2)
  2 ball pythons
  6 bats
  4 frilled lizards
  4 rats
41 creatures vanquished.

Notes
Turn   | Place    | Note
-------+----------+-------------------------------------------
     0 | D:1      | Peloso the Minotaur Fighter began the quest for the Orb.
     0 | D:1      | Reached XP level 1. HP: 19/19 MP: 0/0
    59 | D:1      | Reached XP level 2. HP: 25/27 MP: 1/1
   271 | D:1      | Reached XP level 3. HP: 33/33 MP: 2/2
   766 | D:2      | Noticed Terence
   776 | D:2      | Killed Terence
   821 | D:2      | Reached XP level 4. HP: 41/41 MP: 3/3
   998 | D:2      | Found an opulent altar of Gozag.
  1211 | D:2      | Found a runed door.
  1215 | D:2      | Noticed Crazy Yiuf
  1219 | D:2      | Killed Crazy Yiuf
  1228 | D:2      | Cast into level 1 of the Abyss (a distortion unwield)
  1316 | Abyss:1  | Noticed a large abomination
  1323 | Abyss:1  | Slain by a large abomination

Skill      XL: |  1  2  3  4 |
---------------+-------------+-----
Fighting       | 4 |  4.6
Shields        | 4 |  4.7
Armour         | 4 |  4.5
Long Blades    | 3 |  3.4
Dodging        | |  0.4

Action                   |  1- 3 |  4- 6 || total
-------------------------+-------+-------++-------
Melee: Long sword        |    48 |    39 ||    87
       Headbutt          |     6 |     5 ||    11
  Use: Potion            |       |     1 ||     1
  Eat: Chunk             |       |     1 ||     1
Armor: Scale mail        |    20 |     7 ||    27
       Chain mail        |       |     9 ||     9
Dodge: Dodged            |    21 |     5 ||    26
Block: Shield            |    29 |    14 ||    43
       Rpst.: Long sword |     3 |     3 ||     6
